 Dungeon Crawl Stone Soup version 0.24.0-28-g17ded55e90 (webtiles) character file.

Game seed: 11139189086438355766, levelgen mode: deterministic

151 Brecoman the Caller (level 5, -1/31 HPs)
             Began as a Tengu Summoner on Nov 11, 2019.
             Killed from afar by Natasha (6 damage)
             ... with a magic dart
             ... on level 3 of the Dungeon.
             The game lasted 00:10:13 (3847 turns).

Brecoman the Caller (Tengu Summoner)                Turns: 3847, Time: 00:10:14

Health: -1/31      AC:  4    Str:  9      XL:     5   Next: 33%
Magic:  6/10       EV: 14    Int: 16      God:
Gold:   145        SH:  0    Dex: 13 (14) Spells: 3/10 levels left

rFire    . . .     SeeInvis .   i - -2 whip (curse)
rCold    . . .     Gourm    .   (no shield)
rNeg     . . .     Faith    .   b - +0 leather armour
rPois    .         Spirit   .   (helmet restricted)
rElec    .         Reflect  .   (no cloak)
rCorr    .         Harm     .   p - +0 pair of gloves
MR       .....                  (boots unavailable)
Stlth    ++........             (no amulet)
HPRegen  0.10/turn              (no ring)
MPRegen  0.12/turn              (no ring)

@: flying quickly and evasively, slowed, very slow
A: beak, talons 3, able to fly
a: Stop Flying


You were on level 3 of the Dungeon.
You were not hungry.

You visited 1 branch of the dungeon, and saw 4 of its levels.

You collected 145 gold pieces.

Inventory:

Hand Weapons
 a - a +0 mace
 i - a cursed -2 whip (weapon)
 l - a +0 falchion
 o - a +3 whip of venom
 u - a cursed -1 rapier
Missiles
 f - 153 stones
 h - 4 boomerangs (quivered)
Armour
 b - a +0 leather armour (worn)
 p - a +0 pair of gloves (worn)
Wands
 j - a wand of random effects (19)
Scrolls
 n - a scroll of random uselessness
 t - a scroll of enchant armour {unknown}
Potions
 d - a potion of might {unknown}
 e - a potion of curing {unknown}
 g - a potion of mutation {unknown}
 k - 3 potions of lignification {unknown}
 m - a potion of degeneration {unknown}
 q - a potion of brilliance {unknown}
 s - a potion of heal wounds {unknown}
Comestibles
 c - 7 rations
 r - 2 chunks of flesh


   Skills:
 + Level 2.5 Fighting
 - Level 2.1 Dodging
 - Level 2.0 Stealth
 + Level 3.2 Spellcasting
 + Level 5.9 Summonings
 + Level 0.8 Air Magic


You had 3 spell levels left.
You knew the following spells:

 Your Spells              Type           Power        Failure   Level  Hunger
a - Summon Small Mammal   Summ           ###.         2%          1    None
b - Call Imp              Summ           ###.....     3%          2    ##.....
c - Summon Lightning Spi  Summ/Air       ##......     54%         4    ####...

Your spell library contained the following spells:

 Spells                   Type           Power        Failure   Level  Hunger
 Call Canine Familiar     Summ           ###.....     7%          3    ###....
 Summon Guardian Golem    Hex/Summ       ##......     22%         3    ###....
 Summon Ice Beast         Ice/Summ       ##......     58%         4    ####...


Dungeon Overview and Level Annotations

Branches:
Dungeon (4/15)
 Temple: D:4-7

Altars:
Dithmenos
Trog
Zin

Annotations:
D:3 Eustachio, Natasha
D:4 Blork the orc


Innate Abilities, Weirdness & Mutations

You have a beak for a mouth.
You have claws for feet.
You can fly continuously.


Message History

You fly upwards.
Level annotation: Eustachio Reactivating autopickup.
There is a stone staircase leading down here.
The phantom blinks!
Natasha claws you.
You feel yourself speed up. Natasha casts a spell at you.
You feel yourself slow down.
The phantom blinks!
Natasha stares at you and mumbles some strange words.
The magic dart hits you.
Natasha mumbles some strange words.
Natasha wildly gestures.
Natasha glows brightly for a moment.
The phantom hits you!
* * * LOW HITPOINT WARNING * * *
The phantom blinks!
Natasha casts a spell at you. The magic dart hits you.
You die...

.# ##....#8.♣#......'.... #####
###..###...#......##### ....#
#.5....#8.♣###......... ###.#
#.#..###...##.....##### #.#
#.#...##8.♣####.### ## #.#
#.#.#.##...###...#####. #.#
#.#.#..#♣.♣##..#....... #.#
#.#.##.#...###...#####. #
#.#######.#+##@#.....##.## ##
###............#........#.# #
..#............##§h.....#.# #
..#.....^......##5......#.# #
..#............+....W..##.## ##
..#............##..#...#...#####.
..#.(............#>......#.......
..##.............###...#...#####.
####.............# #...##.##...##


You could see a phantom, Natasha and a white imp.

Vanquished Creatures
  Robin (D:2)
  2 dart slugs
  A leopard gecko (D:4)
  A giant cockroach (D:4)
  7 goblins
  4 hobgoblins
  2 kobolds
  5 bats
  A frilled lizard (D:1)
  7 rats
31 creatures vanquished.

Vanquished Creatures (collateral kills)
  A bullfrog zombie (D:3)
  Jessica (D:2)
  A worker ant (D:4)
  4 adders (D:2)
  An ooze (D:3)
  A worm (D:2)
  A dart slug (D:2)
  2 orcs
  2 giant cockroaches (D:1)
  7 hobgoblins
  4 jackals (D:2)
  3 quokkas
  3 bats
  3 frilled lizards
  8 goblins
  A kobold (D:2)
  A rat (D:1)
44 creatures vanquished.

Grand Total: 75 creatures vanquished

Notes
Turn   | Place    | Note
-------+----------+-------------------------------------------
     0 | D:1      | Brecoman the Tengu Summoner began the quest for the Orb.
     0 | D:1      | Reached XP level 1. HP: 10/10 MP: 4/4
   351 | D:1      | Reached skill level 5 in Summonings
   449 | D:1      | Reached XP level 2. HP: 16/16 MP: 4/6
   561 | D:1      | Learned a level 2 spell: Call Imp
   776 | D:2      | Reached skill level 1 in Fighting
   931 | D:2      | Found a shadowy altar of Dithmenos.
   977 | D:2      | Reached XP level 3. HP: 20/20 MP: 2/7
   979 | D:2      | Noticed Jessica
   989 | D:2      | Killed Jessica
   991 | D:2      | Noticed Robin
  1002 | D:2      | Killed Robin
  1247 | D:2      | Reached XP level 4. HP: 25/26 MP: 9/9
  1392 | D:2      | Found a glowing silver altar of Zin.
  2587 | D:3      | Gained mutation: You can fly continuously. [Tengu growth]
  2587 | D:3      | Reached XP level 5. HP: 25/31 MP: 4/10
  2729 | D:3      | Learned a level 4 spell: Summon Lightning Spire
  3070 | D:4      | Noticed Eustachio
  3666 | D:4      | Found a bloodstained altar of Trog.
  3822 | D:4      | Noticed a phantom
  3823 | D:4      | Noticed Natasha
  3829 | D:4      | Noticed Blork the orc
  3847 | D:3      | Killed from afar by Natasha

Levels and vault maps discovered:
D:1:      psy_arrival_wood_between_worlds, layout_loops_ring
D:2:      layout_loops_corners, zin_statuary, grunt_dithmenos_smoke, uniq_robin,
          uniq_jessica
D:3:      layout_basic, first_ration, hangedman_feature_mirror,
          grunt_ministairs_8, minmay_misc_feat_tower, chequers_avenue,
          feat_on_display
D:4:      layout_cave_pools, marbit_many_paths, serial_glass, glass_columns_a,
          glass_columns_a, glass_columns_c, glass_columns_c, glass_columns_c,
          glass_columns_c, glass_columns_a, glass_columns_b, glass_columns_b,
          glass_columns_a, chequers_serial_rivers_large_b, uniq_blork_the_orc,
          uniq_sigmund, uniq_eustachio, uniq_natasha

Skill      XL: |  1  2  3  4 |
---------------+-------------+-----
Summonings     | 5 |  5.9
Fighting       | 1 2 |  2.5
Spellcasting   | 3 |  3.2
Dodging        | |  2.1
Stealth        | |  2.0
Air Magic      | |  0.8

Action                   |  1- 3 |  4- 6 || total
-------------------------+-------+-------++-------
Melee: Mace              |    16 |       ||    16
       Peck              |     5 |     8 ||    13
       Kick              |     5 |    19 ||    24
       Unarmed           |     1 |       ||     1
       Whip              |    18 |    87 ||   105
Throw: Boomerang         |     3 |     5 ||     8
 Cast: Summon Small Mamm |    11 |       ||    11
       Call Imp          |     6 |    37 ||    43
 Abil: Fly               |       |     1 ||     1
  Use: Scroll            |       |     5 ||     5
 Stab: Sleeping          |       |     3 ||     3
  Eat: Chunk             |     2 |     6 ||     8
       Ration            |       |     1 ||     1
Armor: Leather armour    |    15 |    26 ||    41
Dodge: Dodged            |    35 |    96 ||   131
